 Dungeon Crawl Stone Soup version 0.30-a0-371-gad7725a93e (webtiles) character file.

Game seed: 15874120339770954642

126 sanka the Conjurer (level 4, -19/36 HPs)
             Began as a Demigod Reaver on Nov 20, 2022.
             Demolished by an ogre
             ... wielding a +0 giant spiked club
              (28 damage)
             ... on level 4 of the Dungeon.
             The game lasted 00:04:44 (2509 turns).

sanka the Conjurer (Demigod Reaver)                 Turns: 2509, Time: 00:04:45

Health: -19/36     AC:  5    Str: 13    XL:     4   Next: 55%
Magic:  9/9        EV: 11    Int: 19    God:
Gold:   169        SH:  0    Dex: 12    Spells: 4/7 levels left

rFire   . . .      SeeInvis .    b - +0 longbow (elec)
rCold   . . .      Faith    .    (shield currently unavailable)
rNeg    . . .      Spirit   .    s - +0 leather armour
rPois   .          Reflect  .    (no helmet)
rElec   .          Harm     .    j - +0 cloak
rCorr   .          Rampage  .    w - +0 pair of gloves
Will    .....                    (no boots)
Stlth   +.........               (no amulet)
HPRegen 0.26/turn                (no ring)
MPRegen 0.11/turn                (no ring)

@: no status effects
A: high MP 1, forlorn, divine attributes
a: no special abilities


You were on level 4 of the Dungeon.
You visited 1 branch of the dungeon, and saw 4 of its levels.

You collected 169 gold pieces.


Innate Abilities, Weirdness & Mutations

You have an increased reservoir of magic. (+10% MP)
You shall have no god before yourself.
Your divine heritage dramatically boosts your attributes as you level up.


   Skills:
 - Level 1.7 Fighting
 - Level 2.6 Long Blades
 - Level 1.7 Dodging
 - Level 2.0 Spellcasting
 + Level 3.9 Conjurations
 - Level 2.0 Necromancy
 + Level 1.8 Translocations


You had 4 spell levels left.
You knew the following spells:

 Your Spells              Type           Power      Damage    Failure   Level
u - Momentum Strike       Conj/Tloc      24%        3d8       10%         2
y - Kiss of Death         Conj/Necr      52%        2d9       6%          1

Your spell library contained the following spells:

 Spells                   Type           Power      Damage    Failure   Level
 Sting                    Tmut/Pois      4%         1d3       22%         1
 Hailstorm                Conj/Ice       9%         3d4       28%         3
 Poisonous Vapours        Pois/Air       2%         N/A       32%         2
 Scorch                   Fire           2%         2d5       32%         2
 Inner Flame              Hex/Fire       1%         N/A       54%         3
 Animate Armour           Summ/Erth      2%         N/A       91%         4
 Olgreb's Toxic Radiance  Pois           1%         N/A       91%         4

Inventory:

Hand Weapons
 a - a +0 falchion
 b - a +0 longbow of electrocution (weapon)
Armour
 j - a +0 cloak (worn)
 s - a +0 leather armour (worn)
 w - a +0 pair of gloves (worn)
Magical Staves
 d - a staff of death
 h - a staff of air
 y - a staff of poison
Wands
 u - a wand of quicksilver (6)
Scrolls
 c - a scroll of torment {unknown}
 i - 2 scrolls of poison {!r}
 k - a scroll of brand weapon
 p - 4 scrolls of teleportation {@r4}
 r - a scroll of fear {unknown}
 x - a scroll of immolation {!r}
 A - a scroll of enchant weapon {unknown}
 B - a scroll of identify {@r1}
Potions
 e - 2 potions of lignification {unknown}
 f - a potion of might {unknown}
 g - 2 potions of haste {unknown}
 l - 2 potions of curing {unknown}
 m - a potion of degeneration {unknown}
 n - 3 potions of attraction {unknown}
 o - 4 potions of heal wounds {@q2}
 q - a potion of magic {unknown}
 t - 2 potions of mutation {unknown}
 v - a potion of berserk rage {unknown}
 z - a potion of experience {unknown}

Dungeon Overview and Level Annotations

Branches:
Dungeon (4/15)
 Temple: D:4-7

..............▒
..........▒....▒
...▒▒.
...▒..▒..▒▒▒.▒..
......
...▒▒.▒▒...▒▒▒
......
...▒▒....▒...▒
▒......
..▒▒..▒.▒▒...▒▒
.......
...▒..▒.......▒
.....
...▒..▒▒[..▒▒.▒▒▒O.▒
......▒▒▒..▒▒...p..▒
..................▒▒
......▒..▒▒▒...▒▒▒▒
......▒..†.....▒
......▒.▒▒▒....▒
.....▒▒.. ▒....▒
.....▒▒........▒
..▒▒▒▒▒▒▒...▒.▒▒ ..▒
▒


You could see an ogre.


Message History

The arrow closely misses the ball python.
You shoot an arrow.
The arrow closely misses the ball python.
You shoot an arrow. The arrow hits the ball python.
Lightning courses through the ball python!
You kill the ball python!
Found a ring mail.
You see here a +0 ring mail.
An ogre comes into view. It is wielding a +0 giant spiked club.
The ogre shouts!
An ogre is nearby!
An ogre is nearby!
You shoot an arrow. The arrow hits the ogre.
The ogre is lightly wounded.
You shoot an arrow. The arrow closely misses the ogre.
You shoot an arrow. The arrow hits the ogre!
The ogre is heavily wounded.
You shoot an arrow.
The arrow hits the ogre but does no damage.
The ogre is heavily wounded.
The ogre hits you with a +0 giant spiked club!!
Ouch! That really hurt!
* * * LOW HITPOINT WARNING * * *
The ogre hits you with a +0 giant spiked club!!
Ouch! That really hurt!
You die...

Action                   |  1- 3 |  4- 6 || total
-------------------------+-------+-------++-------
Melee: Falchion          |   112 |    23 ||   135
       Punch             |     2 |       ||     2
 Fire: Longbow           |    17 |    57 ||    74
 Cast: Momentum Strike   |     6 |     2 ||     8
       Kiss of Death     |     1 |       ||     1
  Use: Scroll            |       |     4 ||     4
       Potion            |       |     1 ||     1
 Stab: Sleeping          |     1 |       ||     1
Armor: Leather armour    |    41 |    30 ||    71
Dodge: Dodged            |    86 |    58 ||   144

Levels and vault maps discovered:
D:1:      dpeg_arrival_round_c, layout_basic, minmay_misc_feat_enclosed,
          minivault_4
D:2:      layout_rooms
D:3:      layout_rooms
D:4:      layout_cave_pools, zin_treasury, minmay_misc_feat_hallway,
          cheibrodos_gnoll_hut

Notes
Turn   | Place    | Note
-------+----------+-------------------------------------------
     0 | D:1      | sanka the Demigod Reaver began the quest for the Orb.
     0 | D:1      | Reached XP level 1. HP: 17/17 MP: 5/5
   365 | D:1      | Reached skill level 2 in Spellcasting
   448 | D:1      | Reached XP level 2. HP: 23/24 MP: 7/7
   450 | D:1      | Reached skill level 3 in Conjurations
   454 | D:1      | Learned a level 2 spell: Momentum Strike
   506 | D:1      | Reached skill level 1 in Necromancy
   551 | D:1      | Got the Grimoire of the Scorched Swarm
  1132 | D:2      | Reached XP level 3. HP: 10/25 MP: 4/8
  1627 | D:3      | Reached skill level 2 in Necromancy
  1627 | D:3      | Reached skill level 1 in Translocations
  1630 | D:3      | Reached XP level 4. HP: 36/36 MP: 9/9
  2505 | D:4      | Noticed an ogre
  2509 | D:4      | Demolished by an ogre

Vanquished Creatures
  A scorpion (D:4)
  3 gnolls (D:3)
  An adder (D:3)
  3 worms
  4 dart slugs
  An orc (D:4)
  3 bats
  3 endoplasms
  2 giant cockroaches
  5 goblins
  5 hobgoblins
  4 jackals (D:4)
  5 quokkas
  6 ball pythons
  4 frilled lizards
  5 kobolds
  3 rats
58 creatures vanquished.

Vanquished Creatures (others)
  2 adders (D:2)
  A gnoll (D:3)
  2 worms (D:2)
  A bat (D:2)
6 creatures vanquished.

Grand Total: 64 creatures vanquished
